AoeStats
← sky2551230

Arena

510473051Analyzed
2v2 RM · 16h ago on Oct 1, 2026· 69m 15s· 4 players
Game mode
Random Map
Map size
Medium (4 player)
Population
200
Speed
Normal
Resources
Standard
Victory
Conquest
Starting age
Dark Age
Ending age
Imperial Age
RankedLock teamsTeams togetherTeam positionsShared explorationLock speedFull tech treeHidden civsTurbo modeCheats
Victory
Defeat
🇹🇼 Teutons · Taiwan
1067
+11
🇹🇼 Varangians · Taiwan
993
+15
🇲🇽 Teutons · Mexico
972
-13
🇲🇽 Britons · Mexico
952
-13
窒息式毒奶大王
12:08 Feudal Age
16:25 Castle Age
14:48 Horse Collar
15:05 Double-Bit Axe
17:57 Heavy Plow
18:16 Bow Saw
18:55 Stone Mining
19:53 Loom
20:01 Loom
22:44 Wheelbarrow
23:22 Fletching
24:01 Hand Cart
24:32 Gold Mining
28:05 Imperial Age
27:43 Bodkin Arrow
27:49 Padded Archer Armor
29:51 Stone Shaft Mining
32:11 Conscription
32:26 Crop Rotation
32:41 Cavalier
33:23 Elite Teutonic Knight
34:31 Bloodlines
35:19 Scale Barding Armor
35:26 Forging
35:17 Scale Mail Armor
40:21 Masonry
48:04 Chain Barding Armor
48:19 Iron Casting
48:00 Chain Mail Armor
47:34 Arson
47:49 Squires
64:52 Pikeman
66:37 Blast Furnace
66:07 Plate Mail Armor
sky2551230
7:15 Loom
9:08 Feudal Age
13:12 Castle Age
11:23 Double-Bit Axe
12:08 Horse Collar
18:16 Arson
42:27 Wheelbarrow
41:24 Elite Skirmisher
44:49 Padded Archer Armor
48:29 Leather Archer Armor
49:18 Fletching
50:08 Bodkin Arrow
50:53 Hand Cart
54:27 Ballistics
58:33 Scale Mail Armor
58:44 Forging
59:52 Chain Mail Armor
60:25 Squires
61:10 Iron Casting
63:11 Imperial Age
60:47 Squires
63:12 Gambesons
63:41 Gold Mining
63:19 Elite Varangian Guard
67:22 Plate Mail Armor
67:53 Blast Furnace
Dain
12:13 Feudal Age
16:33 Castle Age
14:28 Horse Collar
14:54 Double-Bit Axe
17:26 Heavy Plow
17:38 Bow Saw
18:31 Wheelbarrow
24:26 Hand Cart
29:58 Loom
32:54 Gold Mining
32:56 Stone Mining
34:01 Town Watch
38:54 Imperial Age
36:25 Town Patrol
39:08 Bloodlines
39:35 Cavalier
43:12 Scale Barding Armor
44:54 Chemistry
44:26 Chain Barding Armor
44:57 Scale Mail Armor
45:07 Forging
46:07 Plate Barding Armor
45:53 Chain Mail Armor
46:37 Crop Rotation
47:09 Two-Man Saw
47:04 Paladin
48:39 Bombard Tower
50:53 Stone Shaft Mining
53:43 Elite Teutonic Knight
62:02 Crenellations
LOADINGwaffles
9:39 Feudal Age
14:10 Castle Age
12:01 Double-Bit Axe
12:18 Fletching
12:28 Padded Archer Armor
12:44 Padded Archer Armor
17:35 Leather Archer Armor
20:08 Bodkin Arrow
32:54 Imperial Age
35:11 Ring Archer Armor
34:41 Bracer
37:35 Bracer
40:45 Wheelbarrow
39:52 Horse Collar
40:00 Double-Bit Axe
40:06 Gold Mining
40:06 Stone Mining
40:30 Forging
40:20 Scale Mail Armor
41:38 Pikeman
46:02 Chain Mail Armor
46:22 Iron Casting
49:17 Plate Mail Armor
49:47 Blast Furnace
53:27 Hand Cart
54:28 Halberdier
Connection lost

Rejoining the realm…

Still unreachable

The connection could not be restored.

Session expired

The server has moved on; the page needs a fresh start.